 Dungeon Crawl Stone Soup version 0.30.1-4-g462c640d31 (webtiles) character file.

Game seed: 18424931700489645684

88 Bobit the Chopper (level 4, -2/38 HPs)
             Began as a Gnoll Reaver on Aug 13, 2023.
             Was a Follower of Uskayaw.
             Slain by an iguana (12 damage)
             ... on level 4 of the Dungeon.
             The game lasted 00:03:31 (2534 turns).

Bobit the Chopper (Gnoll Reaver)                    Turns: 2534, Time: 00:03:32

Health: -2/38      AC:  5    Str: 13    XL:     4   Next: 53%
Magic:  11/11      EV: 12    Int: 19    God:    Uskayaw [*.....]
Gold:   160        SH:  0    Dex: 16    Spells: 10/13 levels left

rFire   . . .        a - +0 hand axe
rCold   . . .        (no shield)
rNeg    . . .        c - +0 ring mail
rPois   .            (no helmet)
rElec   .            (no cloak)
rCorr   .            (no gloves)
SInv    .            (no boots)
Will    .....        (no amulet)
Stlth   +            o - +6 ring of dexterity
HPRegen 0.26/turn    q - +6 ring of intelligence
MPRegen 0.12/turn

%: no passive effects
@: no status effects
A: fangs 1, strong nose, distributed training
a: Renounce Religion, Stomp


You were on level 4 of the Dungeon.
You worshipped Uskayaw.
Uskayaw was noncommittal.
You visited 1 branch of the dungeon, and saw 4 of its levels.

You collected 160 gold pieces.

Inventory:

Hand Weapons
 a - a +0 hand axe (weapon)
Armour
 b - a +0 leather armour
 c - a +0 ring mail (worn)
Jewellery
 e - a ring of wizardry
 l - an amulet of reflection
 o - a +6 ring of dexterity (left hand)
 q - a +6 ring of intelligence (right hand)
Scrolls
 d - 3 scrolls of identify {unknown}
 f - 3 scrolls of fog {unknown}
 h - 2 scrolls of teleportation {unknown}
 i - a scroll of blinking {unknown}
 j - a scroll of amnesia {unknown}
 k - 2 scrolls of magic mapping {unknown}
 n - 3 scrolls of vulnerability {unknown}
Potions
 g - 4 potions of flight {unknown}
 m - a potion of heal wounds {unknown}
 p - a potion of cancellation {unknown}
 r - a potion of brilliance {unknown}
 s - 2 potions of mutation {unknown}


   Skills:
 + Level 4.7 Fighting
 + Level 1.2 Short Blades
 + Level 1.2 Long Blades
 + Level 6.6 Axes
 + Level 1.2 Maces & Flails
 + Level 1.2 Polearms
 + Level 1.2 Staves
 + Level 1.2 Ranged Weapons
 + Level 1.2 Throwing
 + Level 1.2 Armour
 + Level 4.7 Dodging
 + Level 1.2 Stealth
 + Level 1.2 Shields
 + Level 1.2 Unarmed Combat
 + Level 5.1 Spellcasting
 + Level 5.5 Conjurations
 + Level 1.0 Hexes
 + Level 1.0 Summonings
 + Level 1.0 Necromancy
 + Level 1.0 Translocations
 + Level 1.0 Transmutations
 + Level 1.0 Fire Magic
 + Level 1.0 Ice Magic
 + Level 1.0 Air Magic
 + Level 1.0 Earth Magic
 + Level 1.0 Poison Magic
 + Level 1.3 Invocations
 + Level 1.2 Evocations


You had 10 spell levels left.
You knew the following spells:

 Your Spells              Type           Power      Damage    Failure   Level
a - Kiss of Death         Conj/Necr      68%        2d10      7%          1
b - Momentum Strike       Conj/Tloc      34%        3d8       11%         2

Your spell library contained the following spells:

 Spells                   Type           Power      Damage    Failure   Level
 Apportation              Tloc           16%        N/A       17%         1
 Necrotise                Necr           32%        1d5       17%         1
 Summon Small Mammal      Summ           32%        N/A       17%         1
 Hailstorm                Conj/Ice       17%        3d6       21%         3
 Poisonous Vapours        Pois/Air       16%        N/A       26%         2
 Mephitic Cloud           Conj/Pois/Air  14%        N/A       28%         3
 Ignite Poison            Fire/Tmut/Pois 8%         N/A       45%         3
 Volatile Blastmotes      Fire/Tloc      16%        2d11      45%         3
 Fulminant Prism          Conj/Hex       8%         3d7       56%         4
 Iskenderun's Mystic Bla  Conj/Tloc      17%        2d5       56%         4
 Sticky Flame             Conj/Fire      17%        2d4       56%         4
 Freezing Cloud           Conj/Ice/Air   7%         6-21      95%         5
 Lee's Rapid Deconstruct  Erth           4%         3d5*      99%         5
 Ignition                 Fire           4%         3d4       100%        8


Dungeon Overview and Level Annotations

Branches:
Dungeon (4/15)
 Temple: D:4-7

Altars:
Kikubaaqudgha
Nemelex Xobeh
Trog
Uskayaw

Shops:
D:3 :=[


Innate Abilities, Weirdness & Mutations

You have very sharp teeth.
Your uncanny sense of smell can sniff out nearby items.
Your experience applies equally to all skills.


Message History

You are too injured to fight recklessly!
You are too injured to fight recklessly!
You are too injured to fight recklessly!
You are too injured to fight recklessly!
You are too injured to fight recklessly!
You are too injured to fight recklessly!
You are too injured to fight recklessly!
You are too injured to fight recklessly!
You are too injured to fight recklessly!
You are too injured to fight recklessly!
You are too injured to fight recklessly!
You are too injured to fight recklessly!
You are too injured to fight recklessly!
You are too injured to fight recklessly!
You are too injured to fight recklessly!
You are too injured to fight recklessly!
You are too injured to fight recklessly!
You are too injured to fight recklessly!
You are too injured to fight recklessly!
You are too injured to fight recklessly!
You are too injured to fight recklessly!
You are too injured to fight recklessly!
You are too injured to fight recklessly!
You are too injured to fight recklessly!
You are too injured to fight recklessly!
You are too injured to fight recklessly!
You hit the iguana. You bite the iguana, but do no damage.
The iguana is severely wounded.
The iguana bites you but does no damage.
You barely miss the iguana.
The iguana is severely wounded.
The iguana bites you!
* * * LOW HITPOINT WARNING * * *
You closely miss the iguana. You bite the iguana, but do no damage.
The iguana is severely wounded.
The iguana barely misses you.
You barely miss the iguana. Your punch misses the iguana.
The iguana is severely wounded.
The iguana bites you!
You die...

##+##
##...##
##.....##
##.......##
#..<.@l...#
+.........+
#.........#
##.......##
##.....##
##...##
##+##


You could see an iguana.

Vanquished Creatures
  3 adders (D:2)
  3 worms
  A dart slug (D:2)
  3 ball pythons (D:1)
  6 bats
  5 endoplasms
  3 giant cockroaches
  2 goblins
  4 hobgoblins
  7 jackals
  3 kobolds
  A quokka (D:1)
  2 frilled lizards
  2 rats (D:1)
45 creatures vanquished.

Notes
Turn   | Place    | Note
-------+----------+-------------------------------------------
     0 | D:1      | Bobit the Gnoll Reaver began the quest for the Orb.
     0 | D:1      | Reached XP level 1. HP: 20/20 MP: 6/6
   321 | D:1      | Reached XP level 2. HP: 25/26 MP: 7/7
   333 | D:1      | Learned a level 2 spell: Momentum Strike
   600 | D:1      | Found a faded altar of an unknown god.
   637 | D:1      | Prayed at the altar of an unknown god.
   637 | D:1      | Became a worshipper of Trog the Wrathful
   637 | D:1      | Reached * piety under Trog
   854 | D:1      | Reached skill level 5 in Spellcasting
   854 | D:1      | Reached XP level 3. HP: 31/31 MP: 7/9
  1079 | D:2      | Reached skill level 1 in Invocations
  1282 | D:2      | Reached skill level 1 in Short Blades
  1282 | D:2      | Reached skill level 1 in Long Blades
  1282 | D:2      | Reached skill level 1 in Maces & Flails
  1282 | D:2      | Reached skill level 1 in Polearms
  1282 | D:2      | Reached skill level 1 in Staves
  1282 | D:2      | Reached skill level 1 in Ranged Weapons
  1282 | D:2      | Reached skill level 1 in Throwing
  1282 | D:2      | Reached skill level 1 in Armour
  1282 | D:2      | Reached skill level 1 in Stealth
  1282 | D:2      | Reached skill level 1 in Shields
  1282 | D:2      | Reached skill level 1 in Unarmed Combat
  1282 | D:2      | Reached skill level 1 in Evocations
  1439 | D:2      | Found a sparkling altar of Nemelex Xobeh.
  1554 | D:2      | Reached XP level 4. HP: 38/38 MP: 11/11
  1680 | D:2      | Reached skill level 1 in Hexes
  1680 | D:2      | Reached skill level 1 in Summonings
  1680 | D:2      | Reached skill level 1 in Necromancy
  1680 | D:2      | Reached skill level 1 in Translocations
  1680 | D:2      | Reached skill level 1 in Transmutations
  1680 | D:2      | Reached skill level 1 in Fire Magic
  1680 | D:2      | Reached skill level 1 in Ice Magic
  1680 | D:2      | Reached skill level 1 in Air Magic
  1680 | D:2      | Reached skill level 1 in Earth Magic
  1680 | D:2      | Reached skill level 1 in Poison Magic
  1802 | D:3      | Found Cuifenuv's Book Emporium.
  1855 | D:3      | Noticed a +0 short sword
  1856 | D:3      | Noticed a +0 short sword
  1856 | D:3      | Noticed a +0 dagger
  1857 | D:3      | Noticed a +0 falchion
  1857 | D:3      | Noticed a +0 dagger
  1857 | D:3      | Noticed a +0 spear
  1857 | D:3      | Noticed a +0 spear
  1859 | D:3      | Noticed a +0 falchion
  1863 | D:3      | Found a hide-covered altar of Uskayaw.
  2118 | D:3      | Found Pugijita's Armour Shoppe.
  2120 | D:3      | Found Noab's Jewellery Emporium.
  2165 | D:3      | Found an ancient bone altar of Kikubaaqudgha.
  2459 | D:3      | Fell from the grace of Trog
  2459 | D:3      | Became a worshipper of Uskayaw the Reveller
  2521 | D:4      | Reached * piety under Uskayaw
  2534 | D:4      | Slain by an iguana

Illustrated notes

Levels and vault maps discovered:
D:1:      minmay_arrival_nine_rooms, layout_basic,
          shapermc_ecumenical_altar_mp_ritualfount, minmay_hexomino_c4
D:2:      layout_basic, basic_altar, minmay_crystal_room
D:3:      layout_basic, nicolae_overflow_crystal_walls,
          nicolae_uskayaw_en_pointe, serial_shops, shop, shop, shop,
          minmay_misc_feat_iff, corner_web_ring
D:4:      layout_loops_corners, mainiacjoe_overflow_surrounded_room,
          st_stairs_9, kennysheep_cross_room, minmay_misc_feat_x, dk_vineyard_1,
          uniq_eustachio, uniq_pikel, uniq_edmund

Skill      XL: |  1  2  3  4 |
---------------+-------------+-----
Spellcasting   | 5 |  5.1
Invocations    | 1 |  1.3
Short Blades   | 1 |  1.2
Long Blades    | 1 |  1.2
Maces & Flails | 1 |  1.2
Polearms       | 1 |  1.2
Staves         | 1 |  1.2
Ranged Weapons | 1 |  1.2
Throwing       | 1 |  1.2
Armour         | 1 |  1.2
Stealth        | 1 |  1.2
Shields        | 1 |  1.2
Unarmed Combat | 1 |  1.2
Evocations     | 1 |  1.2
Hexes          | 1 |  1.0
Summonings     | 1 |  1.0
Necromancy     | 1 |  1.0
Translocations | 1 |  1.0
Transmutations | 1 |  1.0
Fire Magic     | 1 |  1.0
Ice Magic      | 1 |  1.0
Air Magic      | 1 |  1.0
Earth Magic    | 1 |  1.0
Poison Magic   | 1 |  1.0
Fighting       | |  4.7
Axes           | |  6.6
Dodging        | |  4.7
Conjurations   | |  5.5

Action                     |  1- 3 |  4- 6 || total
---------------------------+-------+-------++-------
  Melee: Hand axe          |   120 |    59 ||   179
         Bite              |    13 |    11 ||    24
 Armour: Ring mail         |    36 |    10 ||    46
  Dodge: Dodged            |    79 |    32 ||   111
